 Dungeon Crawl Stone Soup version 0.25.0-9-g26727b657a (webtiles) character file.

Game seed: 2246154109716657429

99 Lekan the Skirmisher (level 4, -1/29 HPs)
             Began as a Gargoyle Monk on June 18, 2020.
             Slain by an orc wizard
             ... wielding a +0 dagger
              (2 damage)
             ... on level 3 of the Dungeon.
             The game lasted 00:07:33 (2314 turns).

Lekan the Skirmisher (Gargoyle Monk)                Turns: 2314, Time: 00:07:33

Health: -1/29      AC:  5    Str: 15    XL:     4   Next: 72%
Magic:  4/4        EV: 13    Int: 11    God:
Gold:   157        SH:  0    Dex: 12    Spells: 3/3 levels left

rFire    . . .     SeeInvis .   a - +0 mace
rCold    . . .     Gourm    .   (no shield)
rNeg     + . .     Faith    .   b - +0 robe
rPois    ∞         Spirit   .   (no helmet)
rElec    +         Reflect  .   (no cloak)
rCorr    .         Harm     .   (no gloves)
MR       .....                  (no boots)
Stlth    ++........             (no amulet)
HPRegen  0.09/turn              (no ring)
MPRegen  0.09/turn              (no ring)

@: no status effects
A: negative energy resistance 1, electricity resistance, unbreathing,
petrification resistance, rot immunity, AC +3
a: no special abilities


You were on level 3 of the Dungeon.
You were hungry.

You visited 1 branch of the dungeon, and saw 3 of its levels.

You collected 157 gold pieces.

Inventory:

Hand Weapons
 a - a +0 mace (weapon)
Missiles
 f - 58 arrows
 i - 114 stones
 r - 10 bolts
 s - 2 poisoned darts (quivered)
Armour
 b - a +0 robe (worn)
Wands
 t - a wand of clouds (3)
Scrolls
 d - 3 scrolls of identify {unknown}
 e - a scroll of teleportation {unknown}
 o - a scroll of enchant weapon {unknown}
 p - a scroll of amnesia {unknown}
Potions
 g - 5 potions of curing {unknown}
 h - 2 potions of resistance {unknown}
 j - a potion of degeneration {unknown}
 k - 2 potions of flight {unknown}
 l - a potion of haste {unknown}
 m - a potion of cancellation {unknown}
 n - a potion of magic {unknown}
 q - a potion of brilliance {unknown}
 u - a potion of heal wounds {unknown}
Comestibles
 c - 11 rations
 v - 3 chunks of flesh


   Skills:
 + Level 3.9 Fighting
 + Level 3.8 Maces & Flails
 + Level 0.4 Throwing
 + Level 3.1 Dodging
 + Level 2.9 Stealth


You had 3 spell levels left.
You didn't know any spells.
Your spell library was empty.

Dungeon Overview and Level Annotations

Branches:
Dungeon (3/15)

Altars:


Innate Abilities, Weirdness & Mutations

You are resistant to torment.
Your stone body is resilient. (AC +3)
You are immune to poison.
You resist negative energy. (rN+)
You are resistant to electric shocks. (rElec)
You can survive without breathing.
You are immune to petrification.
You are immune to rotting.


Message History

The orc wizard gestures wildly while chanting.
The orc wizard blinks!
The orc throws a boomerang.
The boomerang barely misses you.
The weapon returns to the orc!
You hit the frilled lizard but do no damage.
The orc throws a boomerang.
The boomerang closely misses you.
The weapon returns to the orc!
The frilled lizard bites you but does no damage.
The frilled lizard barely misses you.
You hit the orc wizard.
The orc wizard is severely wounded.
The orc wizard hits you with a +0 dagger.
* * * LOW HITPOINT WARNING * * *
The frilled lizard closely misses you.
The orc wizard gestures at you while chanting.
The magic dart hits you.
* * * LOW HITPOINT WARNING * * *
You barely miss the orc wizard.
The orc wizard is almost dead.
The orc wizard hits you with a +0 dagger.
You die...

......#.##..# #.#
.>...#...#..# #.# .#
##.......#..# #.# .#
.....#......# #.# ..#
...#####....####.####..#
.....#......<..........#
.#............†........#
.#...#....#####........##
###.#...........@l......#
.#......#..####..o)......#
.#......#...............##
......###...###...o....##
......# #.....(....(...#
..##### ########...# ..#
..[# ..# .[.# .##


You could see an orc wizard (fast, poisoned), an orc and a frilled lizard.

Vanquished Creatures
  A jelly (D:2)
  2 adders
  3 dart slugs
  An orc (D:3)
  A ball python (D:1)
  3 giant cockroaches
  5 goblins
  5 hobgoblins
  2 jackals (D:1)
  2 kobolds (D:1)
  A quokka (D:2)
  6 bats
  4 frilled lizards
  10 rats
46 creatures vanquished.

Notes
Turn   | Place    | Note
-------+----------+-------------------------------------------
     0 | D:1      | Lekan the Gargoyle Monk began the quest for the Orb.
     0 | D:1      | Reached XP level 1. HP: 14/14 MP: 1/1
   190 | D:1      | Reached XP level 2. HP: 14/19 MP: 2/2
  1097 | D:1      | Reached XP level 3. HP: 23/23 MP: 3/3
  1424 | D:2      | Reached XP level 4. HP: 15/29 MP: 4/4
  2313 | D:3      | HP: 1/29 [orc wizard/magic dart (6)]
  2314 | D:3      | Slain by an orc wizard

Illustrated notes

Levels and vault maps discovered:
D:1:      dpeg_arrival_solitude, layout_loops_ring
D:2:      layout_loops_ring, first_ration, st_stairs_13
D:3:      layout_loops_ring, grunt_temple_overflow_forces_of_nature,
          lemuel_crystal_altar, hangedman_decor_lopped

Skill      XL: |  1  2  3 |
---------------+----------+-----
Dodging        | 3 |  3.1
Fighting       | |  3.9
Maces & Flails | |  3.8
Throwing       | |  0.4
Stealth        | |  2.9

Action                   |  1- 3 |  4- 6 || total
-------------------------+-------+-------++-------
Melee: Mace              |    87 |    40 ||   127
Throw: Stone             |    12 |       ||    12
       Dart              |       |    12 ||    12
 Stab: Sleeping          |     3 |     3 ||     6
  Eat: Chunk             |     2 |     2 ||     4
Armor: Robe              |    26 |    11 ||    37
Dodge: Dodged            |    59 |    24 ||    83
